Map: Overgrowth LE (Void)

Players

Elazer

  • Race: Zerg Zerg
  • Spawn Location: 7:00

Neeb - Winner!

  • Race: Protoss Protoss
  • Spawn Location: 1:00

Event: WESG 2016 Finals

VOD

Have the link to the VOD?

Description

Time

  • Played on: Jan. 12, 2017, 11:12 p.m.
  • Length: 10:58

All games in this series

Show
View Real Time Build Order
Export as new Build Order

Elazer Zerg 

Build Orders: Pool First 

Get SALT Encoding   

  12  0:00  Drone  
  13  0:12  Overlord  
  13  0:17  Drone  
  14  0:30  Drone x2  
  14  0:34  Drone  
  17  0:43  Extractor  
  17  0:44  Drone  
  17  0:49  Spawning Pool  
  16  0:55  Drone  
  17  1:06  Drone  
  18  1:19  Drone  
  18  1:25  Hatchery  
  18  1:35  Queen  
  18  1:36  Zergling x2  
  21  1:43  Metabolic Boost  
  21  1:47  Overlord  
  21  1:50  Drone  
  22  2:06  Drone  
  23  2:10  Drone  
  23  2:11  Queen  
  26  2:22  Drone  
  27  2:31  Drone  
  27  2:36  Hatchery  
  27  2:38  Pneumatized Carapace  
  27  2:41  Zergling x2  
  28  2:44  Zergling x2  
  29  2:54  Drone x3  
  29  2:55  Drone  
  33  3:07  Overlord  
  33  3:08  Drone  
  33  3:09  Drone  
  35  3:17  Drone  
  36  3:31  Drone  
  36  3:33  Drone x5  
  42  3:40  Queen  
  44  3:48  Overlord  
  44  3:49  Drone x2  
  44  3:54  Extractor  
  45  3:55  Roach Warren  
  45  3:57  Lair  
  45  3:58  Drone x4  
  45  3:59  Drone  
  45  4:02  Drone  
  50  4:07  Queen  
  52  4:13  Overlord  
  52  4:14  Drone  
  53  4:17  Queen  
  55  4:25  Drone x2  
  55  4:27  Spore Crawler  
  54  4:33  Overlord  
  53  4:42  Overlord  
  53  4:43  Queen  
  55  4:47  Spore Crawler  
  55  4:49  Roach x5  
  64  4:54  Overseer  
  64  4:55  Roach x3  
  64  4:59  Roach  
  72  5:05  Overlord  
  64  5:07  Drone  
  64  5:08  Drone  
  64  5:09  Drone x2  
  64  5:10  Drone x2  
  64  5:11  Drone  
  64  5:12  Drone  
  64  5:13  Drone  
  71  5:16  Drone  
  71  5:18  Drone  
  71  5:20  Drone  
  74  5:23  Drone  
  74  5:25  Drone  
  74  5:26  Drone  
  77  5:28  Drone  
  77  5:34  Glial Reconstitution  
  78  5:37  Overlord, Extractor  
  78  5:38  Drone x2, Extractor  
  78  5:39  Drone  
  79  5:43  Drone  
  79  5:47  Queen  
  80  5:51  Drone  
  80  5:52  Drone  
  80  5:56  Overlord  
  80  5:57  Drone x2  
  82  5:58  Drone  
  82  6:03  Drone x3  
  82  6:04  Drone x2  
  89  6:07  Drone x2  
  91  6:12  Baneling Nest, Drone x2  
  91  6:15  Drone x2  
  94  6:22  Overlord  
  94  6:23  Overlord  
  94  6:24  Extractor  
  93  6:32  Overlord  
  91  6:42  Drone, Hatchery  
  91  6:43  Drone x5  
  91  6:44  Drone x2  
  94  6:49  Overlord  
  94  6:53  Roach x4  
  100  7:01  Centrifical Hooks, Overlord  
  100  7:03  Drone  
  100  7:06  Evolution Chamber  
  96  7:12  Roach x2, Zergling x2  
  96  7:13  Zergling x10  
  106  7:19  Overlord  
  106  7:21  Zergling x8  
  110  7:28  Overlord  
  110  7:30  Zergling x4  
  110  7:31  Ravager x6  
  110  7:32  Ravager x3  
  121  7:38  Zergling x14  
  127  7:44  Overlord  
  127  7:46  Zergling x2  
  127  7:47  Zergling x4  
  128  7:53  Zerg Melee Weapons Level 1  
  128  7:54  Overlord  
  129  7:58  Zergling x6  
  129  8:04  Overlord  
  129  8:08  Zergling x12  
  129  8:10  Baneling x4  
  135  8:13  Overlord  
  135  8:14  Zergling x2  
  135  8:15  Zergling x8  
  135  8:17  Ravager x3  
  143  8:21  Zergling x2  
  143  8:22  Zergling x4  
  145  8:29  Zergling x2  
  145  8:30  Zergling x2  
  142  8:36  Baneling x14  
  142  8:39  Zergling x2  
  142  8:40  Zergling x6  
  140  8:49  Zergling x2  
  140  8:50  Zergling x22  
  140  8:53  Overlord  
  150  9:01  Baneling  
  150  9:02  Baneling x26  
  148  9:04  Zergling x6  
  148  9:07  Zergling x6  
  154  9:12  Zergling x6  
  154  9:13  Zergling x6  
  154  9:16  Zergling x2  
  162  9:17  Zergling x6  
  162  9:19  Zergling x4  
  162  9:24  Zergling x8  
  137  9:40  Zergling x16  
  137  9:43  Zergling x2  
  137  9:44  Zergling x12  
  142  9:49  Zergling x14  
  137  9:59  Zergling x2  
  127  10:04  Roach  
  127  10:05  Roach x3  
  127  10:06  Baneling x10  
  127  10:07  Roach x3  
  127  10:12  Roach  
  127  10:13  Baneling x2, Roach x3  
  127  10:14  Baneling  
  141  10:18  Zergling x6  
  141  10:19  Baneling x4  
  141  10:20  Baneling x2  
  141  10:21  Baneling x2  
  144  10:23  Baneling x4  
  144  10:26  Ravager x3  
  147  10:32  Zergling x2  
  147  10:33  Zergling x10  
Show
View Real Time Build Order
Export as new Build Order

Neeb Protoss - Winner!

Build Orders: 1 Gate Expand, Zealot Archon, Dark Templar Rush 

Get SALT Encoding   

  12  0:00  Probe (Chrono Boost)  
  13  0:11  Probe (Chrono Boost)  
  14  0:19  Pylon  
  14  0:22  Probe (Chrono Boost)  
  15  0:37  Probe (Chrono Boost)  
  15  0:39  Gateway  
  16  0:48  Probe (Chrono Boost)  
  17  0:58  Probe (Chrono Boost)  
  17  0:59  Assimilator  
  18  1:09  Probe (Chrono Boost)  
  19  1:20  Nexus  
  19  1:23  Probe (Chrono Boost)  
  20  1:32  Cybernetics Core  
  20  1:35  Probe (Chrono Boost)  
  21  1:41  Assimilator  
  21  1:46  Probe (Chrono Boost)  
  22  1:52  Pylon  
  22  1:56  Probe (Chrono Boost)  
  23  2:07  Adept  
  23  2:09  Warp Gate  
  23  2:12  Probe (Chrono Boost)  
  26  2:20  Pylon  
  26  2:26  Mothership Core (Chrono Boost)  
  28  2:32  Probe (Chrono Boost)  
  29  2:43  Probe (Chrono Boost)  
  31  2:44  Twilight Council, Probe (Chrono Boost)  
  31  2:53  Probe (Chrono Boost)  
  31  2:54  Probe (Chrono Boost)  
  33  3:04  Probe (Chrono Boost)  
  33  3:05  Probe (Chrono Boost)  
  35  3:08  Robotics Facility  
  35  3:14  Gateway, Probe (Chrono Boost)  
  35  3:15  Probe (Chrono Boost)  
  37  3:25  Probe (Chrono Boost)  
  37  3:26  Probe (Chrono Boost)  
  39  3:31  Dark Shrine  
  39  3:35  Probe (Chrono Boost)  
  39  3:37  Probe (Chrono Boost)  
  39  3:40  Gateway x2  
  41  3:46  Probe (Chrono Boost)  
  41  3:47  Probe (Chrono Boost)  
  43  3:50  Warp Prism  
  45  3:55  Assimilator  
  45  3:58  Probe (Chrono Boost)  
  45  3:59  Assimilator  
  45  4:00  Probe (Chrono Boost)  
  47  4:07  Pylon  
  48  4:10  Probe x2 (Chrono Boost)  
  48  4:11  Pylon  
  48  4:14  Adept  
  51  4:18  Adept  
  51  4:22  Probe (Chrono Boost)  
  54  4:25  Probe (Chrono Boost)  
  53  4:34  Probe (Chrono Boost)  
  53  4:35  Probe (Chrono Boost)  
  54  4:42  Nexus  
  54  4:44  Pylon  
  54  4:54  Dark Templar x2  
  54  4:55  Dark Templar x2  
  54  4:57  Probe (Chrono Boost)  
  64  5:00  Probe (Chrono Boost)  
  64  5:07  Probe (Chrono Boost)  
  64  5:11  Immortal  
  64  5:12  Probe (Chrono Boost)  
  64  5:18  Probe (Chrono Boost)  
  67  5:23  Archon  
  67  5:24  Probe (Chrono Boost), Archon  
  67  5:27  Sentry x2  
  72  5:28  Probe (Chrono Boost)  
  72  5:33  Forge  
  74  5:36  Probe (Chrono Boost)  
  74  5:38  Pylon x2  
  74  5:40  Pylon  
  74  5:45  Probe (Chrono Boost)  
  74  5:48  Probe (Chrono Boost)  
  74  5:49  Immortal  
  76  5:55  Adept x2  
  76  5:56  Probe (Chrono Boost)  
  86  5:57  Probe (Chrono Boost)  
  86  6:01  Protoss Ground Weapons Level 1, Probe (Chrono Boost)  
  87  6:06  Probe (Chrono Boost)  
  87  6:09  Probe (Chrono Boost)  
  89  6:14  Charge  
  89  6:16  Probe (Chrono Boost)  
  89  6:18  Probe (Chrono Boost), Assimilator  
  91  6:19  Assimilator  
  91  6:23  Immortal  
  91  6:28  Gateway x2  
  91  6:31  Probe x2 (Chrono Boost)  
  91  6:32  Probe (Chrono Boost)  
  98  6:41  Probe (Chrono Boost)  
  98  6:43  Zealot x4  
  98  6:44  Probe (Chrono Boost)  
  106  6:49  Probe (Chrono Boost), Pylon  
  106  6:51  Gateway, Pylon  
  105  6:57  Immortal  
  105  6:59  Pylon  
  105  7:08  Stalker x2  
  113  7:10  Pylon x2  
  113  7:19  Photon Cannon  
  113  7:22  Gateway, Templar Archives  
  113  7:23  Stalker  
  115  7:34  Observer  
  116  7:41  Nexus, Protoss Ground Weapons Level 2  
  116  7:42  Probe x2 (Chrono Boost)  
  116  7:43  Probe (Chrono Boost), Pylon  
  119  7:50  Immortal  
  119  7:53  Zealot x5  
  133  8:04  Zealot  
  133  8:05  Probe x2 (Chrono Boost)  
  136  8:14  High Templar x4  
  136  8:15  High Templar x2  
  136  8:18  Archon  
  136  8:19  Archon x2  
  148  8:22  Photon Cannon  
  148  8:24  Immortal, Assimilator  
  148  8:26  Photon Cannon  
  151  8:27  Probe x2 (Chrono Boost)  
  151  8:28  Probe (Chrono Boost)  
  151  8:29  Assimilator  
  155  8:36  Zealot x2  
  155  8:38  Photon Cannon  
  155  8:40  Probe x2 (Chrono Boost)  
  161  8:48  Probe (Chrono Boost)  
  164  8:56  Probe x2 (Chrono Boost)  
  160  9:03  High Templar x3  
  160  9:04  High Templar  
  167  9:11  Photon Cannon  
  167  9:12  Photon Cannon  
  167  9:14  Photon Cannon  
  167  9:15  Gateway, Archon, Pylon  
  167  9:16  Archon, Gateway, Immortal  
  171  9:25  Zealot  
  149  9:40  Zealot x7  
  151  9:50  Immortal  
  147  9:54  Probe (Chrono Boost)  
  147  9:55  Probe x2 (Chrono Boost)  
  148  10:04  High Templar x2  
  148  10:05  High Templar x3  
  148  10:06  Zealot x2, High Templar  
  164  10:11  Archon x2  
  164  10:12  Archon  
  164  10:20  Zealot x2  
  168  10:22  Nexus, Gateway x2  
  168  10:23  Gateway  
  172  10:39  Zealot x3  
  158  10:43  Zealot  
  158  10:44  Zealot x6  
  142  10:57  Pylon  
Tags
 
Add a new tag
Caveats
  • Supply blocks, unpowered buildings, or Contaminate may cause inaccurate times.
  • Supply counts are checked every 10 seconds.